Map: Catalyst LE

Players

Caesar - Winner!

  • Race: Terran Terran
  • Spawn Location: 11:00

fruitcake

  • Race: Protoss Protoss
  • Spawn Location: 5:00

VOD

Have the link to the VOD?

Description

Time

  • Played on: May 12, 2018, 11:08 a.m.
  • Length: 8:44
Show
View Real Time Build Order
Export as new Build Order

Caesar Terran - Winner!

Build Orders: Reaper Expand, Mech 

Get SALT Encoding   

  12  0:00  SCV  
  13  0:13  SCV  
  14  0:18  Supply Depot  
  14  0:25  SCV  
  15  0:28  Refinery  
  15  0:40  SCV  
  16  0:47  Barracks  
  16  0:53  SCV  
  17  1:05  SCV  
  18  1:17  SCV  
  19  1:33  Orbital Command  
  19  1:36  Reaper  
  20  1:52  Command Center  
  20  1:59  SCV  
  21  2:09  Factory  
  21  2:10  Barracks Reactor  
  22  2:15  SCV  
  22  2:20  Supply Depot  
  22  2:24  Refinery  
  22  2:28  SCV  
  23  2:42  SCV  
  24  3:09  SCV  
  24  3:10  Orbital Command  
  25  3:15  Hellion  
  25  3:16  Hellion  
  29  3:21  SCV  
  29  3:25  Starport  
  30  3:33  SCV  
  31  3:38  SCV  
  31  3:40  Hellion x2  
  36  3:46  Armory  
  36  3:52  SCV x2, Factory  
  38  3:58  Factory  
  38  4:10  Hellion x2  
  38  4:15  Liberator  
  45  4:39  SCV  
  45  4:42  Refinery  
  45  4:43  Refinery  
  46  4:46  Factory Tech Lab  
  46  4:47  Supply Depot  
  46  4:48  Factory Tech Lab, Supply Depot  
  46  5:03  Supply Depot, Terran Vehicle Weapons Level 1  
  46  5:09  SCV x2, Hellion x2  
  52  5:14  Supply Depot  
  52  5:16  Supply Depot  
  52  5:20  Hellion  
  54  5:21  SCV x2, Starport Tech Lab  
  56  5:33  SCV x2  
  58  5:45  Siege Tank x2  
  58  5:47  Cyclone  
  67  5:53  SCV x2  
  71  6:04  Hellion  
  68  6:14  Raven  
  68  6:17  Siege Tank  
  73  6:19  SCV x2  
  73  6:25  Hellion  
  77  6:29  Siege Tank  
  77  6:32  SCV  
  81  6:33  SCV  
  81  6:39  Command Center  
  82  6:44  SCV  
  82  6:45  SCV  
  84  6:57  Supply Depot  
  84  7:07  SCV x2  
  86  7:14  Supply Depot  
  86  7:19  Siege Tank x2  
  92  7:31  Hellion  
  92  7:36  Hellion  
  96  7:38  Supply Depot  
  96  7:39  Supply Depot  
  96  7:41  Supply Depot  
  96  7:51  Raven, Hellbat  
  100  8:01  Cyclone x2  
  100  8:02  Siege Tank  
  109  8:15  SCV x2  
  111  8:27  SCV x2  
Show
View Real Time Build Order
Export as new Build Order

fruitcake Protoss 

Build Orders: 1 Gate Expand 

Get SALT Encoding   

  1  0:00  Probe  
  12  0:05  Probe  
  14  0:18  Pylon  
  14  0:21  Probe  
  15  0:29  Assimilator  
  15  0:36  Probe  
  16  0:50  Probe  
  16  0:51  Gateway  
  17  1:10  Probe  
  18  1:18  Probe  
  19  1:30  Nexus  
  19  1:34  Probe  
  20  1:41  Zealot  
  22  1:56  Pylon, Assimilator  
  22  2:05  Gateway  
  22  2:21  Forge  
  22  2:23  Probe  
  22  2:24  Zealot  
  25  2:31  Probe  
  25  2:58  Cybernetics Core  
  24  3:10  Probe  
  25  3:18  Gateway, Probe  
  26  3:20  Zealot, Probe  
  26  3:26  Probe  
  29  3:32  Probe  
  31  3:36  Pylon, Probe  
  31  3:38  Stalker  
  34  3:44  Probe  
  35  3:48  Pylon  
  35  3:49  Probe  
  36  3:57  Probe  
  36  3:59  Pylon  
  36  4:01  Probe  
  38  4:10  Probe  
  38  4:17  Stalker  
  38  4:22  Probe  
  39  4:26  Stalker  
  39  4:27  Stalker  
  45  4:36  Warp Gate  
  44  4:46  Stalker  
  44  4:47  Probe  
  44  4:49  Photon Cannon  
  47  4:55  Probe  
  47  4:56  Stalker  
  50  5:00  Stalker  
  52  5:14  Protoss Ground Weapons Level 1  
  52  5:23  Photon Cannon  
  52  5:25  Pylon  
  52  5:26  Assimilator  
  52  5:27  Pylon  
  52  5:33  Stalker  
  52  5:34  Stalker  
  56  5:39  Stalker  
  58  5:47  Shield Battery  
  48  6:05  Probe  
  49  6:13  Probe  
  49  6:16  Probe  
  51  6:23  Probe  
  52  6:28  Probe  
  53  6:35  Probe  
  53  6:37  Pylon  
  54  6:44  Photon Cannon  
  54  6:47  Probe  
  55  7:03  Stargate  
  55  7:04  Stargate  
  55  7:08  Probe  
  55  7:10  Probe  
  57  7:20  Photon Cannon, Probe  
  58  7:28  Pylon  
  58  7:32  Probe  
  58  7:33  Shield Battery  
  58  7:35  Stalker  
  61  7:45  Probe  
  50  7:59  Stalker  
  50  8:01  Zealot  
  50  8:02  Zealot  
  56  8:16  Shield Battery  
  56  8:21  Shield Battery  
  56  8:22  Probe  
  56  8:25  Stalker  
  56  8:26  Stalker  
  61  8:30  Pylon  
Tags
 
Add a new tag
Caveats
  • Supply blocks, unpowered buildings, or Contaminate may cause inaccurate times.
  • Supply counts are checked every 10 seconds.